 Dungeon Crawl Stone Soup version 0.31-a0-164-g2312942fda (webtiles) character file.

Game seed: 14495823470351310100

266017 Anon1729 the Warrior (level 19, -11/183 HPs)
             Began as a Minotaur Monk on June 13, 2023.
             Was a Follower of Uskayaw.
             Mangled by an acid blob (14 damage)
             ... on level 5 of the Pits of Slime.
             The game lasted 00:47:19 (38002 turns).

Anon1729 the Warrior (Minotaur Monk)               Turns: 38002, Time: 00:47:19

Health: -11/183    AC: 31    Str: 22    XL:     19   Next: 31%
Magic:  29/30      EV: 16    Int:  7    God:    Uskayaw [*.....]
Gold:   1039       SH:  0    Dex: 18    Spells: 18/18 levels left

rFire   + + .        w - +9 dagger (elec)
rCold   . . .        f - orb {mayhem}
rNeg    . . .        m - +0 plate armour
rPois   +            (helmet restricted)
rElec   +            r - -1 cloak "Mabbialeme" {rF++ Int-3}
rCorr   +            L - +2 pair of gloves {hurl}
SInv    .            C - +2 pair of boots
Will    +....        z - amulet "Subrec" {Faith rElec rPois} Stlth
                     Y - ring of resist corrosion
HPRegen 0.50/turn    b - ring of Samymol {rPois AC+4 Str+6 Dex-4}
MPRegen 0.22/turn

%: mayhem, clarity, faith
@: no status effects
A: horns 2, retaliatory headbutt, agile 1, clarity, clever 1
}: 2/15 runes: serpentine, barnacled
a: Renounce Religion, Stomp


You were on level 5 of the Pits of Slime.
You worshipped Uskayaw.
Uskayaw was most pleased with you.
You visited 7 branches of the dungeon, and saw 36 of its levels.
You visited the Abyss 2 times.
You also visited: Gauntlet.

You collected 2105 gold pieces.
You spent 1066 gold pieces at shops.

Inventory:

Hand Weapons
 o - a +0 lajatang of distortion
 w - a +9 dagger of electrocution (weapon)
 W - the +8 whip "Snakebite" {venom, curare, rPois}
   (You found it on level 4 of the Lair of Beasts)

   rPois:     It protects you from poison.
Missiles
 J - a throwing net
Armour
 f - an orb of mayhem (worn)
 m - a +0 plate armour (worn)
 r - the -1 cloak "Mabbialeme" (worn) {rF++ Int-3}
   (You found it in a Gauntlet)

   Int:       It affects your intelligence (-3).
   rF:        It greatly protects you from fire.
 C - a +2 pair of boots (worn)
 L - a +2 pair of gloves of hurling (worn)
Jewellery
 b - the ring of Samymol (right hand) {rPois AC+4 Str+6 Dex-4}
   (You found it in a Gauntlet)

   [ring of protection]

   AC:        It affects your AC (+4).
   Str:       It affects your strength (+6).
   Dex:       It affects your dexterity (-4).
   rPois:     It protects you from poison.
 e - a ring of fire
 i - the ring of Habbet {rN+ Will+ SInv}
   (You found it on level 2 of the Depths)

   [ring of willpower]

   rN:        It protects you from negative energy.
   SInv:      It lets you see invisible.
   Will:      It increases your willpower.
 n - a ring of wizardry
 s - a +4 ring of slaying
 y - an amulet of the acrobat
 z - the amulet "Subrec" (around neck) {Faith rElec rPois}
   (You found it on level 15 of the Dungeon)

   [amulet of faith]

   It allows you to gain divine favour quickly.
   rElec:     It insulates you from electricity.
   rPois:     It protects you from poison.
 B - an amulet of magic regeneration
 D - a ring of fire
 H - a +5 ring of evasion
 Q - a +4 ring of protection
 S - a +4 ring of protection
 X - a ring of positive energy
 Y - a ring of resist corrosion (left hand)
Wands
 v - a wand of flame (34)
 E - a wand of polymorph (19)
 G - a wand of paralysis (21)
 T - a wand of mindburst (9)
 Z - a wand of digging (9)
Scrolls
 a - 3 scrolls of revelation
 d - 5 scrolls of enchant armour
 h - 2 scrolls of fear
 j - 15 scrolls of teleportation
 k - a scroll of silence
 l - 2 scrolls of enchant weapon
 u - 3 scrolls of vulnerability
 x - 2 scrolls of fog
 I - 3 scrolls of identify
 K - a scroll of brand weapon
 N - 7 scrolls of poison
 O - 6 scrolls of amnesia
Potions
 c - a potion of magic
 g - 2 potions of ambrosia
 p - 3 potions of cancellation
 q - 2 potions of berserk rage
 F - 5 potions of lignification
 R - 2 potions of brilliance
Miscellaneous
 V - a phantom mirror (inert)


   Skills:
 + Level 19.4 Fighting
 + Level 18.0 Short Blades
 + Level 19.2 Armour
 + Level 18.0 Dodging
 + Level 16.3 Invocations


You had 18 spell levels left.
You didn't know any spells.
Your spell library contained the following spells:

 Spells                   Type           Power      Damage    Failure   Level
 Apportation              Tloc           0%         N/A       97%         1
 Necrotise                Necr           0%         1d4       97%         1
 Shock                    Conj/Air       0%         1d3       97%         1
 Summon Small Mammal      Summ           0%         N/A       97%         1
 Blink                    Tloc           0%         N/A       99%         2
 Ensorcelled Hibernation  Hex/Ice        0%         N/A       99%         2
 Lesser Beckoning         Tloc           0%         N/A       99%         2
 Momentum Strike          Conj/Tloc      0%         3d8       99%         2
 Passwall                 Tmut/Erth      0%         N/A       99%         2
 Poisonous Vapours        Pois/Air       0%         N/A       99%         2
 Sublimation of Blood     Necr           0%         N/A       99%         2
 Wereblood                Tmut           0%         N/A       99%         2
 Mephitic Cloud           Conj/Pois/Air  0%         N/A       100%        3
 Ozocubu's Armour         Ice            0%         N/A       100%        3
 Swiftness                Air            0%         N/A       100%        3
 Volatile Blastmotes      Fire/Tloc      0%         2d10      100%        3
 Airstrike                Air            0%         2d(0-16)  100%        4
 Animate Dead             Necr           0%         N/A       100%        4
 Fulminant Prism          Conj/Hex       0%         3d5       100%        4
 Iskenderun's Mystic Bla  Conj/Tloc      0%         2d3       100%        4
 Leda's Liquefaction      Hex/Erth       0%         N/A       100%        4
 Sticky Flame             Conj/Fire      0%         2d3       100%        4
 Borgnjor's Vile Clutch   Necr/Erth      0%         N/A       100%        5
 Freezing Cloud           Conj/Ice/Air   0%         6-21      100%        5
 Lee's Rapid Deconstruct  Erth           0%         3d4*      100%        5
 Metabolic Englaciation   Hex/Ice        0%         N/A       100%        5
 Summon Forest            Summ/Tloc      0%         N/A       100%        5
 Conjure Ball Lightning   Conj/Air       0%         3x3d6     100%        6
 Death Channel            Necr           0%         N/A       100%        6
 Eringya's Noxious Bog    Tmut/Pois      0%         N/A       100%        6
 Leda's Unmaking          Conj/Erth      0%         9d1       100%        6
 Simulacrum               Ice/Necr       0%         N/A       100%        6
 Starburst                Conj/Fire      0%         6d3       100%        6
 Statue Form              Tmut/Erth      0%         N/A       100%        6
 Summon Hydra             Summ           0%         N/A       100%        7
 Discord                  Hex            0%         N/A       100%        8
 Disjunction              Tloc           0%         N/A       100%        8
 Ignition                 Fire           0%         3d3       100%        8


Dungeon Overview and Level Annotations

Branches:
Dungeon (15/15)            Temple (1/1) D:6            Lair (5/5) D:10
 Shoals (4/4) Lair:2        Snake (4/4) Lair:2        Slime (5/5) Lair:4
    Orc (0/2) D:12         Vaults (0/5) D:14         Depths (2/4) D:15
Gauntlet (visited)

Altars:
Ashenzari
Cheibriados
Dithmenos
Gozag
Hepliaklqana
Kikubaaqudgha
Makhleb
Nemelex Xobeh
Okawaru
Qazlal
Ru
Sif Muna
Trog
Uskayaw
Vehumet
Wu Jian
Xom
Yredelemnul
Zin
The Shining One
Jiyva

Shops:
D:3 (   D:5 =   D:11 :*   Shoals:4 ?   Snake:2 (   Depths:1 *

Portals:
Hell: Lair:5 Depths:1
Pandemonium: Depths:2
Ziggurat: Depths:2

Annotations:
D:10 2 transporters, KimchiStew's ghost, journeyman OgWr
D:12 1 runed translucent door, discopopstar's ghost, journeyman MiBe


Innate Abilities, Weirdness & Mutations

You have a pair of horns on your head.
You reflexively headbutt those who attack you in melee.
You are agile. (Dex +4, Str/Int -1)
You possess an exceptional clarity of mind.
Your mind is acute. (Int +4, Str/Dex -1)


Message History

You start resting.
An acid blob comes into view.
Okay, then.
The acid blob quivers.
The acid blob spits acid at you. The splash of acid hits you. You resist.
* * * LOW HITPOINT WARNING * * *
As you read the scroll of fog, it crumbles to dust.
The scroll dissolves into smoke.
The acid blob hits you!
* * * LOW HITPOINT WARNING * * *
You are splashed with acid.
You resist.
* * * LOW HITPOINT WARNING * * *
You completely miss the acid blob. You completely miss the acid blob.
You headbutt the acid blob, but do no damage.
The acid blob spits acid at you. The splash of acid hits you. You resist.
* * * LOW HITPOINT WARNING * * *
You hit the acid blob.
Your hands burn!
* * * LOW HITPOINT WARNING * * *
You headbutt the acid blob.
The acid blob is lightly wounded.
The acid blob hits you but does no damage.
You puncture the acid blob!
Lightning courses through the acid blob!
The acid corrodes you!
Your hands burn!
* * * LOW HITPOINT WARNING * * *
The acid blob is lightly wounded.
You feel better. The acid blob closely misses you. You furiously retaliate!
You headbutt the acid blob.
Your magical effects are unravelling.
You feel magically purged.
You are no longer corroded.
The acid blob hits you!!
* * * LOW HITPOINT WARNING * * *
You are splashed with acid.
You resist.
* * * LOW HITPOINT WARNING * * *
The acid blob hits you!
You die...

###### ####§§§§###
####...§§§§§^####
.......§§@§§....##
........§J§§.....#
........§§§§.......#
....................
....................
....................
....................
....................
....................


You could see an acid blob.

Vanquished Creatures
  the Royal Jelly (Slime:5)
  A juggernaut (Depths:2)
  A golden dragon (Depths:2)
  3 liches (Depths:2)
  A titan (Depths:2)
  A walking divine tome (Depths:2)
  4 tentacled starspawn
  4 acid blobs (Slime:5)
  A sphinx (Depths:2)
  Frances (Snake:2)
  A tengu reaver (Depths:2)
  A shadow dragon (Depths:2)
  A storm dragon (Depths:2)
  6 azure jellies (Slime:5)
  6 rockslimes
  2 fire giants (Depths:2)
  2 frost giants
  Louise (D:14)
  2 balrugs (Abyss:3)
  A spriggan defender (Depths:2)
  6 formless jellyfish
  3 stone giants
  A quicksilver ooze (shapeshifter) (Depths:2)
  8 quicksilver oozes
  11 very ugly things
  2 vampire knights (Depths:2)
  Azrael (D:13)
  3 spark wasps (Depths:2)
  A minotaur (Gauntlet)
  3 ettins
  2 merfolk javelineers (Shoals:4)
  6 merfolk impalers (Shoals:4)
  Josephine (D:11)
  A fire dragon (Depths:2)
  A great orb of eyes (D:15)
  An entropy weaver (Abyss:5)
  A rakshasa (Depths:1)
  A hell beast (Depths:2)
  A hydra (shapeshifter) (Depths:2)
  Fannar (Lair:2)
  12 hydras
  An ice dragon (Depths:1)
  An ogre mage (D:15)
  3 salamander tyrants
  An alligator snapping turtle (Shoals:1)
  2 boulder beetles
  A merfolk avatar (Shoals:4)
  3 starcursed masses (Abyss:3)
  8 anacondas (Snake:4)
  A catoblepas (Lair:4)
  5 centaur warriors
  A death knight (D:15)
  2 satyrs (Shoals:3)
  2 dancing weapons (D:14)
  2 deep troll shamans (Depths:2)
  4 merfolk aquamancers
  15 death yaks
  A vampire mage (Depths:1)
  4 tengu warriors
  8 two-headed ogres
  6 naga warriors
  8 shock serpents
  A hell hog (Abyss:3)
  2 thrashing horrors (Abyss:6)
  4 naga sharpshooters
  Urug (Lair:1)
  3 deep troll earth magi (Depths:2)
  2 spriggan berserkers (Depths:2)
  2 sun demons (Abyss:3)
  A soul eater (Depths:2)
  A shadow wraith (Abyss:3)
  A skyshark (Lair:4)
  5 salamander mystics (Snake:4)
  A sixfirhy (Lair:5)
  10 skeletal warriors
  5 iron trolls (Depths:2)
  3 wretched stars
  A flayed ghost (Depths:2)
  A glowing orange brain (Slime:5)
  6 deep trolls (Depths:2)
  A naga ritualist (Snake:2)
  6 sea snakes
  Pikel (D:6)
  2 orc knights
  5 wizards
  A necromancer (D:15)
  3 lindwurms (Snake:4)
  2 oklob plants (Lair:4)
  A deep elf zephyrmancer (D:15)
  5 harpies (Shoals:4)
  15 mana vipers
  3 fauns (Shoals:3)
  18 salamanders
  A faun (shapeshifter) (Depths:2)
  17 ugly things
  6 cyclopes
  2 manticores
  14 elephants
  27 black mambas
  A merfolk siren (Shoals:4)
  A black mamba (shapeshifter) (D:15)
  2 orange demons (Lair:5)
  2 torpor snails
  2 water nymphs
  4 eyes of devastation (Slime:5)
  A gargoyle (D:13)
  4 guardian serpents
  A centaur zombie (D:15)
  9 naga magi
  2 centaur skeletons (D:15)
  6 smoke demons
  A hellion (Gauntlet)
  4 rime drakes
  19 cane toads
  11 komodo dragons
  3 unseen horrors
  2 freezing wraiths (Abyss:3)
  4 ice devils (Lair:5)
  2 red devils
  4 tengu conjurers
  5 trolls
  A meliai (D:15)
  4 polar bears
  8 merfolk
  8 wind drakes
  2 hornets
  A hellwing (Depths:2)
  A raiju (shapeshifter) (D:15)
  3 dream sheep (Shoals:3)
  7 blink frogs
  18 slime creatures
  3 snapping turtles
  Sigmund (D:2)
  5 flying skulls (Abyss:3)
  4 large abominations
  3 vampires
  2 shadows
  7 water elementals
  51 yaks
  Eustachio (D:4)
  7 golden eyes
  6 wyverns
  6 fire elementals (D:13)
  6 wraiths
  2 neqoxecs
  4 basilisks
  A chaos spawn (Gauntlet)
  3 steam dragons
  11 vampire mosquitoes
  A harpy simulacrum (Abyss:3)
  Edmund (D:6)
  3 acid dragons
  20 nagas
  25 water moccasins
  2 floating eyes (Depths:2)
  7 hell hounds
  3 small abominations
  An ice beast (D:5)
  12 orc warriors
  2 black bears
  3 sky beasts
  4 ogres
  4 boggarts (D:15)
  7 centaurs
  17 wolves
  2 kobold brigands
  A lemure (D:6)
  16 bullfrogs
  A gnoll sergeant (D:13)
  4 scorpions
  19 wights
  23 killer bees
  7 electric eels
  7 howler monkeys
  3 lava snakes (Lair:2)
  4 crimson imps (Gauntlet)
  2 jellies
  8 orc priests
  A gnoll bouda (D:9)
  4 hounds
  A sleepcap (D:7)
  2 iguanas
  Natasha (thrice) (D:2)
  6 orc wizards
  7 hell rats (Lair:2)
  17 gnolls
  8 adders
  2 shadow imps
  3 white imps
  An ufetubus (D:7)
  An adder zombie (D:2)
  2 adder skeletons (D:2)
  2 worms
  2 dart slugs
  44 orcs
  7 bats
  3 endoplasms
  6 giant cockroaches
  13 goblins
  10 hobgoblins
  3 jackals (D:4)
  6 quokkas
  12 ball pythons
  3 ball python zombies (D:2)
  3 frilled lizards
  15 kobolds
  A quokka skeleton (D:2)
  4 rats
  A starspawn tentacle (Abyss:5)
1035 creatures vanquished.

Vanquished Creatures (collateral kills)
  2 formless jellyfish (Slime:1)
  2 quicksilver oozes (Slime:1)
  A vampire knight (Depths:2)
  A salamander tyrant (Snake:4)
  An anaconda (Snake:4)
  2 naga warriors (Snake:4)
  A naga sharpshooter (Snake:4)
  A deep troll (Depths:2)
  A naga ritualist (Snake:4)
  A lindwurm (Snake:4)
  A harpy (Shoals:4)
  A mana viper (Snake:4)
  5 salamanders (Snake:4)
  A faun (Shoals:3)
  A black mamba (Snake:4)
  2 naga magi (Snake:4)
  A guardian serpent (Snake:4)
  A wind drake (Shoals:4)
  A slime creature (Slime:5)
  5 nagas (Snake:4)
32 creatures vanquished.

Vanquished Creatures (others)
  A merfolk aquamancer (Shoals:4)
  A two-headed ogre (shapeshifter) (Depths:2)
  A thrashing horror (Abyss:6)
  A naga ritualist (Snake:4)
  A mana viper (Snake:4)
  A salamander (Snake:4)
  A water elemental (Shoals:4)
  2 nagas (Snake:4)
  7 starspawn tentacles
16 creatures vanquished.

Grand Total: 1083 creatures vanquished

Notes
Turn   | Place    | Note
-------+----------+-------------------------------------------
     0 | D:1      | Anon1729 the Minotaur Monk began the quest for the Orb.
     0 | D:1      | Reached XP level 1. HP: 19/19 MP: 0/0
   142 | D:1      | Reached XP level 2. HP: 27/27 MP: 1/1
   193 | D:1      | Reached skill level 1 in Armour
   347 | D:1      | Found a faded altar of an unknown god.
   464 | D:1      | Reached skill level 1 in Invocations
   503 | D:1      | Reached XP level 3. HP: 33/33 MP: 2/2
  1028 | D:2      | Noticed Sigmund
  1044 | D:2      | Killed Sigmund
  1045 | D:2      | Reached XP level 4. HP: 22/41 MP: 2/4
  1045 | D:2      | Reached XP level 5. HP: 26/47 MP: 2/5
  1458 | D:2      | Noticed Natasha
  1470 | D:2      | Killed Natasha
  1471 | D:2      | Reached XP level 6. HP: 40/55 MP: 6/6
  1654 | D:2      | Noticed Natasha
  1662 | D:2      | Killed Natasha
  1672 | D:2      | Noticed Natasha
  1684 | D:2      | Killed Natasha
  1928 | D:3      | Found a sparkling altar of Nemelex Xobeh.
  2018 | D:3      | Found a hide-covered altar of Uskayaw.
  2136 | D:3      | Became a worshipper of Uskayaw the Reveller
  2136 | D:3      | Reached * piety under Uskayaw
  2213 | D:3      | Found Opnem's Antique Weapon Boutique.
  2216 | D:3      | Reached ** piety under Uskayaw
  2218 | D:3      | Reached skill level 5 in Fighting
  2263 | D:3      | Reached *** piety under Uskayaw
  2269 | D:3      | Reached **** piety under Uskayaw
  2996 | D:4      | Reached XP level 7. HP: 60/61 MP: 8/8
  3023 | D:4      | Reached skill level 5 in Short Blades
  3260 | D:4      | Noticed Eustachio
  3276 | D:4      | Reached skill level 5 in Dodging
  3291 | D:4      | Killed Eustachio
  3291 | D:4      | Reached ***** piety under Uskayaw
  3750 | D:5      | Entered Level 5 of the Dungeon
  3991 | D:5      | Noticed a shadow
  4006 | D:5      | Killed a shadow
  4007 | D:5      | Reached XP level 8. HP: 67/70 MP: 9/9
  4176 | D:5      | Reached skill level 5 in Armour
  4326 | D:5      | Found Icist's Jewellery Boutique.
  5152 | D:6      | Noticed Edmund
  5158 | D:6      | Killed Edmund
  5380 | D:6      | Noticed Pikel
  5390 | D:6      | Killed Pikel
  5391 | D:6      | Reached skill level 5 in Invocations
  5391 | D:6      | Reached XP level 9. HP: 70/79 MP: 11/11
  5506 | D:6      | Found a staircase to the Ecumenical Temple.
  5679 | D:7      | Found an ancient bone altar of Kikubaaqudgha.
  6129 | D:8      | Noticed a two-headed ogre
  6137 | D:8      | Killed a two-headed ogre
  7092 | D:7      | Reached XP level 10. HP: 90/90 MP: 13/13
  7287 | D:7      | Found an iron altar of Okawaru.
  7431 | D:7      | Found an iron altar of Okawaru.
  7432 | D:7      | Found a broken altar of Ashenzari.
  7433 | D:7      | Found a sparkling altar of Nemelex Xobeh.
  7433 | D:7      | Found a broken altar of Ashenzari.
  7590 | D:7      | Noticed a cyclops
  7598 | D:7      | Killed a cyclops
  7623 | D:7      | You fall into a shaft and drop 2 floors!
  8336 | D:9      | Reached ****** piety under Uskayaw
  8736 | D:10     | Entered Level 10 of the Dungeon
  8792 | D:10     | Reached XP level 11. HP: 99/99 MP: 15/15
  8847 | D:10     | Reached skill level 10 in Fighting
  9215 | D:10     | Found a radiant altar of Vehumet.
  9266 | D:10     | Found a transporter.
  9270 | D:10     | Noticed KimchiStew's ghost (journeyman OgWr)
  9303 | D:10     | Found a transporter.
  9383 | D:10     | Found a staircase to the Lair.
  9614 | Temple   | Entered the Ecumenical Temple
  9893 | Lair:1   | Entered Level 1 of the Lair of Beasts
 10265 | Lair:1   | Noticed Urug
 10275 | Lair:1   | Reached skill level 10 in Armour
 10276 | Lair:1   | Killed Urug
 10493 | Lair:1   | You fall into a shaft and drop 1 floor!
 10494 | Lair:2   | Found a staircase to the Shoals.
 10519 | Lair:2   | Reached skill level 10 in Short Blades
 10519 | Lair:2   | Reached skill level 10 in Dodging
 10767 | Lair:2   | Reached XP level 12. HP: 98/110 MP: 17/17
 10998 | Lair:2   | Got Popeg's Compilation of Burning
 11098 | Lair:2   | Found an ornate altar of the Wu Jian Council.
 11100 | Lair:2   | Found a hide-covered altar of Uskayaw.
 11102 | Lair:2   | Noticed a boulder beetle
 11119 | Lair:2   | Killed a boulder beetle
 11511 | Lair:3   | Noticed a five-headed hydra
 11515 | Lair:3   | Noticed an eight-headed hydra
 11532 | Lair:3   | Killed a five-headed hydra
 11534 | Lair:3   | Killed an eight-headed hydra
 12272 | Lair:3   | Noticed a seven-headed hydra
 12278 | Lair:3   | Killed a seven-headed hydra
 12278 | Lair:3   | Noticed a four-headed hydra
 12289 | Lair:3   | Killed a four-headed hydra
 12290 | Lair:3   | Reached skill level 10 in Invocations
 12640 | Lair:3   | Reached XP level 13. HP: 112/119 MP: 19/19
 14518 | Lair:4   | Found the +8 whip "Snakebite" {venom, curare, rPois}
 14756 | Lair:4   | Found a viscous altar of Jiyva.
 14758 | Lair:4   | Found a staircase to the Slime Pits.
 15005 | Lair:5   | Entered Level 5 of the Lair of Beasts
 15441 | Lair:5   | Found a burning altar of Makhleb.
 15458 | Lair:5   | Reached XP level 14. HP: 101/130 MP: 21/21
 15484 | Lair:5   | Found a gateway to Hell.
 15714 | Lair:5   | Got the Tome of Vapour and Hail
 16826 | Lair:2   | Found a staircase to the Snake Pit.
 17315 | D:11     | Noticed Josephine
 17324 | D:11     | Killed Josephine
 17360 | D:11     | Found Jugh's Tiny Tomes.
 17727 | D:11     | Found Uzulon's General Store.
 17735 | D:11     | Bought a potion of degeneration for 14 gold pieces
 17735 | D:11     | Bought 2 potions of haste for 280 gold pieces
 18055 | D:12     | Found a staircase to the Orcish Mines.
 18216 | D:12     | Identified the +2 robe of the Cartwright {-Tele Harm rF-
                  | Dex+9}
 18288 | D:12     | Found a runed translucent door.
 18288 | D:12     | Found a shimmering altar of Xom.
 18288 | D:12     | Noticed discopopstar's ghost (journeyman MiBe)
 18299 | D:12     | Found a gate leading to a gauntlet.
 18308 | Gauntlet | Entered a Gauntlet
 18308 | Gauntlet | Found a transporter.
 18308 | Gauntlet | Found a transporter.
 18359 | Gauntlet | Found a transporter.
 18361 | Gauntlet | Found a transporter.
 18366 | Gauntlet | Found a transporter.
 18385 | Gauntlet | Found a transporter.
 18395 | Gauntlet | Found a transporter.
 18395 | Gauntlet | Found a transporter.
 18399 | Gauntlet | Found a transporter.
 18426 | Gauntlet | Found a transporter.
 18435 | Gauntlet | Found a transporter.
 18457 | Gauntlet | Found a transporter.
 18490 | Gauntlet | Found a transporter.
 18506 | Gauntlet | Found a transporter.
 18605 | Gauntlet | Found a transporter.
 18619 | Gauntlet | Found a transporter.
 18906 | Gauntlet | Identified the ring of Samymol {rPois AC+4 Str+6 Dex-4}
 18959 | Gauntlet | Identified the -1 cloak "Mabbialeme" {rF++ Int-3}
 19022 | Gauntlet | Identified the +4 kite shield of the Unseen Realm {Will++
                  | Str+2}
 19606 | D:13     | Reached XP level 15. HP: 115/139 MP: 23/23
 19723 | D:13     | Reached skill level 15 in Fighting
 19781 | D:13     | Noticed Azrael
 19816 | D:13     | Killed Azrael
 20516 | D:14     | Noticed Louise
 20524 | D:15     | Entered Level 15 of the Dungeon
 20539 | D:14     | Killed Louise
 20883 | D:14     | Found a gate to the Vaults.
 21402 | D:15     | Reached skill level 15 in Armour
 21807 | D:15     | Identified the amulet "Subrec" {Faith rElec rPois}
 21870 | D:15     | HP: 3/143 [acid (5)]
 22479 | Abyss:2  | Found a corrupted altar of Lugonu.
 22479 | Abyss:2  | Cast into level 2 of the Abyss (a wizard)
 22534 | Abyss:3  | Found a corrupted altar of Lugonu.
 22820 | Abyss:3  | Noticed a tentacled starspawn
 22828 | Abyss:3  | Killed a tentacled starspawn
 22829 | Abyss:3  | Reached XP level 16. HP: 32/151 MP: 15/24
 22846 | Abyss:3  | Noticed a tentacled starspawn
 22858 | Abyss:3  | Killed a tentacled starspawn
 22905 | Abyss:3  | Noticed a tentacled starspawn
 22914 | Abyss:4  | Noticed a tentacled starspawn
 22922 | Abyss:5  | Found a corrupted altar of Lugonu.
 22923 | Abyss:5  | Noticed a tentacled starspawn
 22929 | Abyss:5  | Gained mutation: You are frail. (-10% HP) [a neqoxec]
 22949 | Abyss:5  | Gained mutation: You are dopey. (Int -2) [a neqoxec]
 22956 | Abyss:5  | Killed a tentacled starspawn
 22961 | D:15     | Escaped the Abyss
 23228 | D:15     | Found a staircase to the Depths.
 23234 | Depths:1 | Entered Level 1 of the Depths
 23244 | Depths:1 | Reached skill level 15 in Dodging
 23378 | Depths:1 | Reached skill level 15 in Short Blades
 23915 | Lair:2   | Noticed Fannar
 23929 | Lair:2   | Killed Fannar
 24003 | Snake:1  | Entered Level 1 of the Snake Pit
 24751 | Snake:4  | Entered Level 4 of the Snake Pit
 25832 | Snake:4  | Reached XP level 17. HP: 112/144 MP: 23/26
 27188 | Snake:4  | Got a serpentine rune of Zot
 28009 | Snake:2  | Found Fiack's Weapon Shop.
 28122 | Snake:2  | Noticed Frances
 28132 | Snake:2  | Killed Frances
 28470 | Shoals:1 | Entered Level 1 of the Shoals
 29602 | Shoals:4 | Entered Level 4 of the Shoals
 29602 | Shoals:4 | Found Qaqocram's Magic Scroll Boutique.
 29635 | Shoals:4 | Bought a scroll of fog for 52 gold pieces
 29635 | Shoals:4 | Bought a scroll of identify for 26 gold pieces
 29635 | Shoals:4 | Bought a scroll of revelation for 97 gold pieces
 29635 | Shoals:4 | Bought a scroll of teleportation for 39 gold pieces
 29635 | Shoals:4 | Bought 3 scrolls of teleportation for 117 gold pieces
 29635 | Shoals:4 | Bought a scroll of fear for 52 gold pieces
 29635 | Shoals:4 | Bought a scroll of enchant armour for 97 gold pieces
 29635 | Shoals:4 | Bought 3 scrolls of enchant armour for 292 gold pieces
 30445 | Shoals:4 | Reached skill level 15 in Invocations
 30485 | Shoals:4 | Got a barnacled rune of Zot
 31426 | D:15     | Lost mutation: You are dopey. (Int -2) [potion of mutation]
 31426 | D:15     | Lost mutation: You are frail. (-10% HP) [potion of
                  | mutation]
 31426 | D:15     | Gained mutation: You occasionally lose the ability to read
                  | scrolls when taking damage. [potion of mutation]
 31427 | D:15     | Lost mutation: You occasionally lose the ability to read
                  | scrolls when taking damage. [potion of mutation]
 31427 | D:15     | Gained mutation: You are agile. (Dex +4, Str/Int -1)
                  | [potion of mutation]
 31427 | D:15     | Gained mutation: Your mind is acute. (Int +4, Str/Dex -1)
                  | [potion of mutation]
 31427 | D:15     | Gained mutation: You possess an exceptional clarity of
                  | mind. [potion of mutation]
 31486 | Depths:1 | Reached XP level 18. HP: 172/172 MP: 28/28
 31759 | Depths:1 | Found Qell's Blood Bar.
 32068 | Depths:2 | Noticed a lich
 32077 | Depths:2 | Killed a lich
 32903 | Depths:2 | Noticed a lich
 32904 | Depths:2 | Noticed a lich
 32946 | Depths:2 | Killed a lich
 32947 | Depths:2 | Paralysed by something for 4 turns
 33057 | Depths:2 | Paralysed by a floating eye for 4 turns
 33290 | Depths:2 | Noticed a juggernaut
 33319 | Depths:2 | Killed a juggernaut
 33717 | Depths:2 | Identified the ring of Habbet {rN+ Will+ SInv}
 33755 | Depths:2 | Noticed a lich
 33780 | Depths:2 | Killed a lich
 34100 | Depths:2 | Found a one-way gateway to a ziggurat.
 34211 | Depths:2 | Found a broken altar of Ashenzari.
 34266 | Abyss:5  | Cast into level 5 of the Abyss (vampire knight)
 34342 | Abyss:6  | Noticed a hellephant
 34372 | Abyss:6  | Noticed a bone dragon
 34385 | Depths:2 | Escaped the Abyss
 34924 | Depths:2 | Identified an amulet "Taihatetti" {Spirit rC+ SInv}
 35049 | Depths:2 | Noticed a golden dragon
 35067 | Depths:2 | Killed a golden dragon
 35403 | Depths:2 | Found a one-way gate leading to the halls of Pandemonium.
 36048 | Slime:1  | Entered Level 1 of the Pits of Slime
 36056 | Slime:1  | Paralysed by a formless jellyfish for 1 turns
 36139 | Slime:1  | Paralysed by a formless jellyfish for 1 turns
 36153 | Slime:1  | Reached XP level 19. HP: 75/182 MP: 23/30
 36641 | Slime:5  | Entered Level 5 of the Pits of Slime
 37476 | Slime:5  | Found a viscous altar of Jiyva.
 37484 | Slime:5  | Noticed the Royal Jelly
 37492 | Slime:5  | Killed the Royal Jelly
 38002 | Slime:5  | HP: 5/183 [acid blob (20)]
 38002 | Slime:5  | Mangled by an acid blob

Illustrated notes

Levels and vault maps discovered:
D:1:      lemuel_arrival_muddy, layout_basic, serial_rivers,
          chequers_serial_rivers_room_a, chequers_serial_rivers_marsh,
          chequers_serial_rivers_marsh, chequers_serial_rivers_large_a,
          chequers_serial_rivers_micro_a, chequers_serial_rivers_small_b,
          ebering_ecumenical_altar_rust, chequers_serial_rivers_micro_c,
          dreamdust_princess_corridor, minmay_split_cup_small
D:2:      layout_rooms, serial_undead, serial_undead_b, serial_undead_f,
          serial_undead_c, serial_undead_a, serial_undead_f, serial_undead_e,
          bh_walls_and_bars, uniq_sigmund, uniq_natasha
D:3:      layout_basic, lemuel_coloured_pillars_altar,
          mainiacjoe_overflow_brackets, serial_shops, shop,
          minmay_misc_feat_secret_circle, kennysheep_generic_room_4
D:4:      layout_basic, uniq_eustachio
D:5:      layout_basic, serial_shops, kennysheep_mini_moat
D:6:      layout_basic, minmay_temple_entry_large_hall, st_stairs_13,
          uniq_edmund, uniq_pikel
D:7:      minmay_the_grid_octo_triangle [minmay_the_grid_octo_shrine,
          minmay_the_grid_octo_prize_single_spiral,
          minmay_the_grid_octo_clover], layout_layer_cave,
          kiku_gazebo_pond_becter, okawaru_altar_gauntlet_db, elyvilon_altar_4,
          serial_shops, nicolae_shop_rolled_up
D:8:      layout_basic
D:9:      layout_gridville, minmay_puff
D:10:     layout_roguey, tgw_fedhas, lemuel_doored_altar,
          grunt_lair_entry_orc_guard_hut, gammafunk_ghost_berserking_beasts,
          grunt_ministairs_15
D:11:     layout_loops_ring, serial_shops, shop,
          nicolae_shop_i_like_small_books_too, uniq_josephine
D:12:     minmay_blocking_statues, layout_basic, erik_orc_2,
          gauntlet_entry_generic, ebering_ghost_xom, minivault_19
D:13:     layout_basic, uniq_azrael
D:14:     layout_cave_pods, erik_vaults_1, hangedman_decor_clover_reticule,
          lightli_minifort, uniq_louise
D:15:     grunt_enter_depths_magical_seal, layout_rooms, dk_noncrumbling_2,
          minmay_circle_x
Temple:   nicolae_temple_bog_church
Lair:1:   layout_small_grid, infiniplex_staircase_pool, grunt_megastairs_4,
          uniq_urug
Lair:2:   layout_cave_pods, shoals_dummy_entry,
          nicolae_snake_entry_warm_welcome, nzn_masters_of_martial_movement,
          uniq_fannar
Lair:3:   layout_long_grid, beast_lair_carwin_8, grunt_megastairs_5
Lair:4:   minmay_guarded_unrand_snakebite, layout_regular_city,
          minmay_slime_entry_oklob_enclosed, grunt_megastairs_2,
          lemuel_fruit_fields
Lair:5:   evil_forest, layout_layer_cave, grunt_megastairs_1
Shoals:1: layout_shoals, nicolae_shoals_circle_sea_wall
Shoals:2: layout_shoals, hangedman_shoals_cup_caves, uniq_polyphemus
Shoals:3: cheibrodos_shoals_satyrical_garden, layout_shoals
Shoals:4: shoals_end_grunt_ice, layout_shoals, serial_shops, shop
Snake:1:  layout_gridlike, minmay_shoptagon
Snake:2:  layout_layer_cave, minmay_shop_star, serial_bayou_shore_a,
          serial_bayou_shore_b, uniq_frances
Snake:3:  layout_grid_maze
Snake:4:  snake_pit_salamanders_mu, layout_onion_interference
Slime:1:  layout_caves
Slime:2:  layout_caves
Slime:3:  layout_caves, nicolae_slime_phagocytosis
Slime:4:  layout_caves, cheibrodos_slime_lost_civilization_6
Slime:5
Depths:1: layout_forbidden_donut, hell_entry, kennysheep_donut,
          guppyfry_shop_blood, uniq_nikola
Depths:2: minmay_box_of_curves, layout_cave_shapes, enter_ziggurat_b,
          rand_demon_pan_entry_7, grunt_hell_entry_dis_grunt,
          nicolae_ashenzari_panopticon, grunt_tough_drop,
          infiniplex_staircase_door_maze, uniq_josephina

Skill      XL: |  1  2  3  4  5  6  7  8  9 10 11 12 13 14 15 16 17 18 19 |
---------------+----------------------------------------------------------+-----
Armour         | 1 2 3 4 6 7 9 10 11 13 14 15 16 17 18 19 | 19.2
Invocations    | 1 2 3 5 6 7 8 10 11 12 13 14 15 16 | 16.3
Fighting       | 4 5 6 7 8 9 11 12 13 14 16 17 18 19 | 19.4
Short Blades   | 4 5 6 7 9 10 11 12 13 14 15 16 17 18 | 18.0
Dodging        | 4 5 6 7 9 10 11 12 13 14 15 16 17 18 | 18.0

Action                     |  1- 3 |  4- 6 |  7- 9 | 10-12 | 13-15 | 16-18 | 19-21 || total
---------------------------+-------+-------+-------+-------+-------+-------+-------++-------
  Melee: Short sword       |   103 |   189 |   133 |       |       |       |       ||   425
         Headbutt          |    18 |    47 |    67 |   135 |   330 |   428 |    67 ||  1092
         Dagger            |       |       |    85 |   499 |  1027 |  1315 |   189 ||  3115
 Invoke: Stomp             |       |       |     1 |     1 |     1 |     3 |       ||     6
         Line Pass         |       |       |       |     3 |     3 |     3 |     3 ||    12
         Grand Finale      |       |       |       |     1 |     4 |     5 |     1 ||    11
  Evoke: Wand              |       |       |       |     2 |     3 |     8 |     1 ||    14
         Phantom mirror    |       |       |       |       |       |     2 |     1 ||     3
    Use: Scroll            |       |       |     7 |       |    21 |    10 |     6 ||    44
         Potion            |       |       |       |     4 |     6 |    18 |     9 ||    37
   Stab: Paralysed         |       |     3 |    14 |    55 |    85 |   120 |    12 ||   289
         Confused          |       |       |       |     1 |     2 |     1 |     3 ||     7
         Petrified         |       |       |       |       |     8 |       |       ||     8
         Distracted        |       |       |       |       |     1 |     2 |       ||     3
 Armour: Robe              |    19 |     4 |       |       |       |       |       ||    23
         Plate armour      |       |    71 |    78 |   161 |   428 |   592 |    87 ||  1417
         Leather armour    |       |       |     2 |       |       |       |       ||     2
  Dodge: Dodged            |    52 |    83 |    66 |   231 |   359 |   611 |    90 ||  1492

Table legend: (Time is in decaauts)
 A = Elapsed time spent in this place.
 B = Non-inter-level travel time spent in this place.
 C = Inter-level travel time spent in this place.
 D = Time resting spent in this place.
 E = Time spent auto-exploring this place.
 F = Levels seen in this place.
 G = Mean time per level.
                   A        B        C        D        E       F      G
               +--------+--------+--------+--------+--------+-----+--------+
         Total |  36486 |  33068 |   3418 |   6682 |  20736 |  43 |  848.5 |
       Dungeon |  14865 |  13250 |   1615 |   1064 |  10166 |  15 |  991.0 |
        Temple |    203 |    187 |     16 |      0 |    167 |   1 |  203.0 |
          Lair |   7945 |   7121 |    824 |   1063 |   5107 |   5 | 1589.0 |
        Shoals |   2276 |   2163 |    113 |    892 |    795 |   4 |  569.0 |
     Snake Pit |   4206 |   3518 |    688 |   1380 |   1495 |   4 | 1051.5 |
    Slime Pits |   1624 |   1612 |     12 |   1198 |     46 |   5 |  324.8 |
        Depths |   4177 |   4030 |    147 |    976 |   2442 |   2 | 2088.5 |
         Abyss |    502 |    502 |      0 |    100 |     50 |   6 |   83.7 |
      Gauntlet |    685 |    685 |      0 |      8 |    465 |   1 |  685.0 |
               +--------+--------+--------+--------+--------+-----+--------+

Top non-repeatable levels by time:
Depths:2: 3189 daAuts
  Lair:4: 2310 daAuts
 Snake:4: 2204 daAuts
  Lair:3: 1763 daAuts
  Lair:5: 1630 daAuts
  Lair:2: 1508 daAuts
     D:5: 1479 daAuts
    D:14: 1310 daAuts
    D:15: 1293 daAuts
     D:9: 1111 daAuts
     D:6: 1104 daAuts
    D:13: 1100 daAuts
 Snake:2: 1002 daAuts
Depths:1: 987 daAuts
     D:3: 949 daAuts
